 Dungeon Crawl Stone Soup version 0.17.2-1-ge4368a0 (console) character file.

2898 firemonkey the Changer (level 9, -3/74 HPs)
             Began as a Purple Draconian Transmuter on Sept 20, 2017.
             Was a Believer of Ru.
             Slain by a sky beast (5 damage)
             ... on level 7 of the Dungeon on Sept 21, 2017.
             The game lasted 00:39:11 (8424 turns).

firemonkey the Changer (DrTm)                       Turns: 8424, Time: 00:39:11

Health: -3/74      AC:  2    Str: 12    XL:     9   Next: 49%
Magic:  18/18      EV: 18    Int: 17    God:    Ru [**....]
Gold:   331        SH:  0    Dex: 17    Spells: 5 memorised, 10 levels left

rFire  . . .     SeeInvis .       - Unarmed
rCold  . . .     Clarity  .     (armour unavailable)
rNeg   . . .     SustAt   .     (shield currently unavailable)
rPois  x         Gourm    .     (helmet currently unavailable)
rElec  .         Spirit   .     (cloak currently unavailable)
rCorr  .         Warding  .     (gloves currently unavailable)
rMut   .         Stasis   .     (boots currently unavailable)
MR     +....                    (no amulet)
Stlth  ++........               (no ring)
                                (no ring)

@: spider-form, no potions, somewhat resistant to hostile enchantments,
unstealthy
A: (breathe power), unfitting armour, (cold-blooded), inability to drink while
threatened, slow reflexes 1, AC +7
a: End Transformation, Renounce Religion


You were on level 7 of the Dungeon.
You worshipped Ru.
Ru was pleased with you.
You were not hungry.
You were a venomous arachnid creature.
You visited 2 branches of the dungeon, and saw 8 of its levels.

You collected 401 gold pieces.
You spent 70 gold pieces at shops.

Inventory:

Hand Weapons
 t - a +0 hunting sling
Missiles
 a - 86 arrows
 h - 286 stones (quivered)
 o - 8 tomahawks
 s - 48 poisoned needles
 z - 42 bolts
Armour
 d - a +1 pair of boots (melded)
 p - a +0 pair of gloves (melded)
 A - a +0 cloak (melded)
Magical Staves
 x - an uncursed staff of earth
Jewellery
 e - a +1 ring of protection {unknown}
 j - an uncursed ring of see invisible {unknown}
 k - an uncursed ring of protection from cold
 q - an uncursed ring of fire {unknown}
 C - an uncursed amulet of resist corrosion {unknown}
 J - an uncursed ring of sustain attributes {unknown}
Scrolls
 n - a scroll of blinking
 E - 4 scrolls of recharging
 G - 2 scrolls of teleportation
Potions
 f - 4 potions of curing
 g - 2 potions of heal wounds
 i - 5 potions of brilliance
 m - 2 potions of haste {unknown}
 r - a potion of invisibility
 w - 2 potions of agility {unknown}
 D - a potion of flight
Books
 b - a book of Changes

   Spells                             Type                      Level
   a - Beastly Appendage              Transmutation                1
   b - Sticks to Snakes               Transmutation                2
   c - Spider Form                    Transmutation/Poison         3
   d - Ice Form                       Ice/Transmutation            4
   e - Blade Hands                    Transmutation                5
 l - a book of Frost

   Spells                             Type                      Level
   a - Freeze                         Ice                          1
   b - Throw Frost                    Conjuration/Ice              2
   c - Ozocubu's Armour               Charms/Ice                   3
   d - Throw Icicle                   Conjuration/Ice              4
   e - Summon Ice Beast               Ice/Summoning                4
   f - Condensation Shield            Ice                          4
 u - a book of Ice

   Spells                             Type                      Level
   a - Ice Form                       Ice/Transmutation            4
   b - Metabolic Englaciation         Hexes/Ice                    5
   c - Ozocubu's Refrigeration        Ice                          6
   d - Bolt of Cold                   Conjuration/Ice              6
   e - Freezing Cloud                 Conjuration/Ice/Air          6
   f - Simulacrum                     Ice/Necromancy               6
 y - a book of Death

   Spells                             Type                      Level
   a - Corpse Rot                     Necromancy                   2
   b - Sublimation of Blood           Necromancy                   2
   c - Agony                          Necromancy                   5
   d - Dispel Undead                  Necromancy                   5
   e - Excruciating Wounds            Charms/Necromancy            5
   f - Bolt of Draining               Conjuration/Necromancy       5
 I - a book of Unlife

   Spells                             Type                      Level
   a - Recall                         Summoning/Translocation      3
   b - Animate Dead                   Necromancy                   4
   c - Control Undead                 Necromancy                   4
   d - Cigotuvi's Embrace             Necromancy                   5
   e - Death Channel                  Necromancy                   6
   f - Simulacrum                     Ice/Necromancy               6
Comestibles
 c - 5 bread rations
 F - 2 fruits


   Skills:
 + Level 5.2 Fighting
 + Level 3.1 Dodging
 + Level 6.7 Unarmed Combat
 + Level 6.6 Spellcasting
 * Level 7.2 Transmutations
 + Level 3.2 Ice Magic
 - Level 3.5 Poison Magic


You had 10 spell levels left.
You knew the following spells:

 Your Spells              Type           Power        Failure   Level  Hunger
a - Beastly Appendage     Trmt           ####..       4%          1    None
b - Sticks to Snakes      Trmt           ####......   4%          2    None
c - Spider Form           Trmt/Pois      ###.......   14%         3    ##.....
d - Freeze                Ice            ###.         12%         1    None
e - Ice Form              Ice/Trmt       ###.....     36%         4    ####...


Dungeon Overview and Level Annotations

Branches:
Dungeon (7/15)             Temple (1/1) D:4

Altars:
Ashenzari
Cheibriados
Dithmenos
Elyvilon
Fedhas
Gozag
Kikubaaqudgha
Makhleb
Nemelex Xobeh
Okawaru
Qazlal
Ru
Sif Muna
Trog
Vehumet
Xom
Yredelemnul
Zin

Shops:
D:4 :   D:6 !


Innate Abilities, Weirdness & Mutations

((You can breathe bolts of dispelling energy.))
((Your rich purple scales are hard (AC +7).))
Your body does not fit into most forms of armour.
((You are cold-blooded and may be slowed by cold attacks.))
You cannot drink potions while threatened.
You have somewhat slow reflexes. (-3 EV)


Message History

The sky beast completely misses you.
You hit the sky beast but do no damage.
The sky beast is lightly wounded.
The sky beast hits you.
* * * LOW HITPOINT WARNING * * *
The sky beast shocks you.
* * * LOW HITPOINT WARNING * * *
You focus your will and illuminate the sky beast in retribution!
Unknown command.
You hit the sky beast.
The sky beast is poisoned.
The sky beast is moderately wounded.
You barely miss the sky beast.
The sky beast is moderately wounded.
The sky beast closely misses you.
You bite the sky beast!
The sky beast looks even sicker.
The sky beast is almost dead.
The sky beast hits you.
* * * LOW HITPOINT WARNING * * *
The sky beast shocks you.
You die...

#....##......))#.# #.#.#
#....##........#.# #.#.#
#....##........#.# ....#
#....##..........# #..
#................####### ###
#####............'.Y.%%#
#............#p...%#
##.#####....)###Y### #.#
#.###s#.....# #.# #.# #Y#.....#
#.# #.###'####### #.#
#.##..≈.....## #.#
#.##.........######### #.##
#.##.........##.......
######..####............##.######
............................<....
######.####............##..#####


You could see a sky beast (invisible).

Vanquished Creatures
  5 humans (D:7)
  Sigmund (D:6)
  A hungry ghost (D:7)
  Eustachio (D:4)
  A hog (D:7)
  Menkaure (D:6)
  Edmund (D:6)
  An orc warrior (D:7)
  A phantom (D:5)
  A centaur (D:6)
  A big kobold (D:7)
  A giant frog (D:7)
  4 ogres
  A scorpion (D:6)
  A crimson imp (D:7)
  A giant frog zombie (D:6)
  An iguana (D:6)
  2 giant frog skeletons
  An orc priest (D:4)
  Ijyb (D:2)
  A quasit (D:4)
  3 orc wizards
  Natasha (thrice) (D:2)
  4 worker ants
  2 sheep (D:7)
  6 adders
  A shadow imp (D:5)
  2 oozes
  An adder skeleton (D:5)
  A worm (D:4)
  6 giant geckos
  29 orcs
  4 bats
  3 giant cockroaches
  6 goblins
  8 hobgoblins
  2 jackals (D:4)
  4 quokkas
  A ball python (D:2)
  6 giant newts
  10 kobolds
  8 rats
139 creatures vanquished.

Vanquished Creatures (collateral kills)
  A giant frog skeleton (D:4)
  2 orcs (D:4)
3 creatures vanquished.

Vanquished Creatures (others)
  An orc wizard (D:7)
  A shadow imp (D:6)
2 creatures vanquished.

Grand Total: 144 creatures vanquished

Notes
Turn   | Place    | Note
--------------------------------------------------------------
     0 | D:1      | firemonkey the Draconian Transmuter began the quest for the Orb.
     0 | D:1      | Reached XP level 1. HP: 16/16 MP: 3/3
   319 | D:1      | Reached XP level 2. HP: 21/23 MP: 3/5
   328 | D:1      | Learned a level 2 spell: Sticks to Snakes
   867 | D:2      | Reached skill level 4 in Unarmed Combat
   875 | D:2      | Reached XP level 3. HP: 28/28 MP: 6/6
   923 | D:2      | Learned a level 3 spell: Spider Form
   989 | D:2      | Noticed Natasha
   994 | D:2      | Killed Natasha
  1197 | D:2      | Reached skill level 1 in Poison Magic
  1228 | D:2      | Noticed Natasha
  1259 | D:2      | Killed Natasha
  1259 | D:2      | Reached XP level 4. HP: 8/35 MP: 4/7
  1272 | D:2      | Noticed Natasha
  1502 | D:2      | Killed Natasha
  1576 | D:2      | You fall through a shaft for 2 floors!
  1630 | D:5      | Entered Level 5 of the Dungeon
  1839 | D:4      | Found Texi's Book Shop.
  1855 | D:4      | Found a staircase to the Ecumenical Temple.
  1886 | Temple   | Entered the Ecumenical Temple
  1981 | Temple   | Became a worshipper of Ru the Awakened
  2020 | D:4      | Reached XP level 5. HP: 28/40 MP: 2/9
  2383 | D:3      | Noticed Ijyb
  2399 | D:2      | Killed Ijyb
  2772 | D:3      | Learned a level 1 spell: Freeze
  3185 | D:4      | Noticed Eustachio
  3187 | D:4      | Noticed an ogre
  3196 | D:4      | Killed an ogre
  3229 | D:4      | Killed Eustachio
  3229 | D:4      | Reached skill level 1 in Ice Magic
  3229 | D:4      | Reached XP level 6. HP: 19/48 MP: 1/10
  3560 | D:4      | Gained mutation: You have somewhat slow reflexes. (-3 EV) [Ru sacrifice]
  3560 | D:4      | Reached * piety under Ru
  4023 | D:5      | Found an ancient bone altar of Kikubaaqudgha.
  4066 | D:5      | Noticed a phantom
  4103 | D:5      | Killed a phantom
  4103 | D:5      | Your scales start taking on a rich purple colour.
  4103 | D:5      | Reached XP level 7. HP: 30/55 MP: 7/13
  4254 | D:5      | Noticed an ogre
  4263 | D:5      | Killed an ogre
  4263 | D:5      | Reached skill level 5 in Unarmed Combat
  4288 | D:5      | Noticed an ogre
  4442 | D:5      | Killed an ogre
  4544 | D:5      | Found an opulent altar of Gozag.
  4551 | D:5      | Found a bloodstained altar of Trog.
  4553 | D:5      | Found a stormy altar of Qazlal.
  5201 | D:5      | Found a shimmering altar of Xom.
  5201 | D:5      | Found a burning altar of Makhleb.
  5257 | D:6      | Noticed Sigmund
  5273 | D:6      | Killed Sigmund
  5418 | D:6      | Reached XP level 8. HP: 49/63 MP: 9/15
  5430 | D:6      | Found Naaqaan's Distillery.
  5430 | D:6      | Noticed Edmund
  5443 | D:6      | Killed Edmund
  5443 | D:6      | Reached skill level 5 in Spellcasting
  5448 | D:6      | Bought a potion of heal wounds for 50 gold pieces
  5448 | D:6      | Bought a potion of degeneration for 10 gold pieces
  5448 | D:6      | Bought a potion of poison for 10 gold pieces
  6263 | D:6      | Reached skill level 5 in Transmutations
  6333 | D:6      | Noticed Menkaure
  6347 | D:6      | Killed Menkaure
  6818 | D:6      | Reached skill level 6 in Unarmed Combat
  7031 | D:6      | Learned a level 4 spell: Ice Form
  7123 | D:7      | Gained mutation: You cannot drink potions while threatened. [Ru sacrifice]
  7123 | D:7      | Reached ** piety under Ru
  7205 | D:7      | Reached XP level 9. HP: 24/72 MP: 18/18
  8175 | D:7      | Reached skill level 5 in Fighting
  8403 | D:7      | Reached skill level 7 in Transmutations
  8421 | D:7      | HP: 2/74 [sky beast (5)]
  8424 | D:7      | Slain by a sky beast

Action                   |  1- 3 |  4- 6 |  7- 9 || total
-------------------------+-------+-------+-------++-------
Melee: Unarmed           |    77 |   182 |   323 ||   582
 Cast: Beastly Appendage |    24 |    23 |    21 ||    68
       Sticks to Snakes  |     1 |     6 |     8 ||    15
       Spider Form       |       |    12 |    19 ||    31
Invok: Sacrifice Health  |       |     1 |       ||     1
       Sacrifice Drink   |       |       |     1 ||     1
 Abil: Breathe Dispellin |       |       |     1 ||     1
  Use: Scroll            |     3 |    11 |     3 ||    17
       Potion            |       |     2 |     3 ||     5
 Stab: Distracted        |       |     2 |     1 ||     3
       Sleeping          |       |     1 |     1 ||     2
  Eat: Chunk             |     2 |     1 |     8 ||    11
       Bread ration      |       |     2 |       ||     2
       Beef jerky        |       |     1 |       ||     1
       Meat ration       |       |       |     1 ||     1
       Fruit             |       |       |     4 ||     4
